 Dungeon Crawl Stone Soup version 0.21-a0-521-g1cd18d1 (webtiles) character file.

1096 tof the Covert (level 8, -2/54 HPs)
             Began as an Octopode Assassin on Dec 5, 2017.
             Killed from afar by an orc wizard (8 damage)
             ... with a puff of frost
             ... on level 5 of the Dungeon.
             The game lasted 00:15:12 (6589 turns).

tof the Covert (Octopode Assassin)                  Turns: 6589, Time: 00:15:12

Health: -2/54      AC:  1    Str: 11    XL:     8   Next: 31%
Magic:  8/8        EV: 15    Int: 13    God:
Gold:   271        SH:  0    Dex: 17    Spells: 7/7 levels left

rFire    . . .     SeeInvis .   a - +2 dagger
rCold    . . .     Gourm    +   (no shield)
rNeg     . . .     Faith    .   (helmet restricted)
rPois    .         Spirit   .   i - amulet of the gourmand
rElec    .         Reflect  .   l - +2 ring of dexterity
rCorr    .         Harm     .   j - +3 ring of slaying
MR       .....                  (no ring)
Stlth    +++++.....             (no ring)
HPRegen  0.18/turn              (no ring)
MPRegen  0.11/turn              (no ring)
                                (no ring)
                                (no ring)

@: no status effects
A: almost no armour, stealthy swim, amphibious, 8 rings, constrict 8, camouflage
1, gelatinous body 1
a: no special abilities


You were on level 5 of the Dungeon.
You were completely stuffed.

You visited 1 branch of the dungeon, and saw 5 of its levels.

You collected 271 gold pieces.

Inventory:

Hand Weapons
 a - a +2 dagger (weapon)
 b - a +1 blowgun
Missiles
 c - 5 poisoned needles
 d - a curare-tipped needle
 m - 5 needles of confusion
 t - 60 stones
 z - a silver tomahawk
 D - 2 poisoned tomahawks (quivered)
Jewellery
 i - an amulet of the gourmand (around mantle)
 j - a +3 ring of slaying (right tentacle)
 l - a +2 ring of dexterity (left tentacle)
Wands
 r - a wand of random effects (23)
 y - a wand of iceblast (11)
Scrolls
 e - 3 scrolls of amnesia
 o - a scroll of magic mapping
 p - 2 scrolls of teleportation
 q - 2 scrolls of enchant weapon
 x - 2 scrolls of remove curse
 B - a scroll of random uselessness {unknown}
Potions
 h - 2 potions of heal wounds
 k - 2 potions of resistance
 n - a potion of cancellation {unknown}
 u - a potion of lignification {unknown}
 v - a potion of curing
 w - 2 potions of mutation {unknown}
 A - a potion of might {unknown}
Comestibles
 f - 4 bread rations
 g - 7 meat rations
 s - a royal jelly
 C - 4 fruits


   Skills:
 + Level 4.1 Fighting
 + Level 4.2 Short Blades
 + Level 4.2 Throwing
 + Level 3.8 Dodging
 * Level 9.6 Stealth


You had 7 spell levels left.
You didn't know any spells.

Dungeon Overview and Level Annotations

Branches:
Dungeon (5/15)
 Temple: D:4-7

Altars:
Ashenzari
Elyvilon
Fedhas
Makhleb
Qazlal
Vehumet
Wu Jian

Annotations:
D:2 1 runed door


Innate Abilities, Weirdness & Mutations

You cannot wear most types of armour.
You are very stealthy in the water. (Stealth+)
You are amphibious.
You can wear up to eight rings at the same time.
You can use your tentacles to constrict eight enemies at once.
Your skin changes colour to match your surroundings (Stealth+).
Your rubbery body absorbs attacks. (AC +1, EV +1)


Message History

Something hits you but does no damage.
A magic dart appears from out of thin air!
The magic dart hits you!
You hear some strange, mumbled words.
A puff of flame appears from out of thin air!
The puff of flame hits you!
A magic dart appears from out of thin air!
The magic dart hits you!
* * * LOW HITPOINT WARNING * * *
Something barely misses you.
Things that are here:
a giant club; an ogre skeleton You hear some strange, mumbled words.
A puff of frost appears from out of thin air!
The puff of frost hits you!
* * * LOW HITPOINT WARNING * * *
You hear some strange, mumbled words.
A puff of frost appears from out of thin air!
The puff of frost hits you!
You die...

..###.....# #.#
..##.####.# #.#
..#.## #.# ####.##
.#.## #.# #.....#
##.# #.# #.##.## #.#
#.# #.#### ##.# #.#
#.# #...#
#.###.######
.....####.......@..#
.......)...##.####{#
.....####.###.# #.#
....## #.# #.####.#
.#.## #.#
#.....o#### .#.# #.#
#.........# . #.#
#.###..##.# . #.#
#.# #.o# # .
#.###.###..#


There were no monsters in sight!

Vanquished Creatures
  Sigmund (D:5)
  Eustachio (D:5)
  2 ogres
  A centaur (D:3)
  A crimson imp (D:5)
  A bullfrog skeleton (D:5)
  2 orc priests (D:4)
  An orc wizard (D:4)
  Jessica (D:2)
  Natasha (thrice) (D:4)
  4 worker ants
  Robin (D:4)
  7 gnolls
  3 adders
  An ooze (D:2)
  An adder zombie (D:5)
  A worm (D:5)
  2 leopard geckos
  5 orcs
  8 bats
  3 giant cockroaches
  18 goblins
  5 hobgoblins
  5 jackals
  A quokka (D:2)
  3 frilled lizards
  9 kobolds
  24 rats
115 creatures vanquished.

Vanquished Creatures (others)
  A rat (D:3)
1 creature vanquished.

Grand Total: 116 creatures vanquished

Notes
Turn   | Place    | Note
-------+----------+-------------------------------------------
     0 | D:1      | tof the Octopode Assassin began the quest for the Orb.
     0 | D:1      | Reached XP level 1. HP: 14/14 MP: 1/1
   534 | D:1      | Reached XP level 2. HP: 18/19 MP: 2/2
  1192 | D:2      | Reached XP level 3. HP: 24/24 MP: 3/3
  1308 | D:2      | Reached skill level 6 in Stealth
  1366 | D:2      | Found a runed door.
  1435 | D:2      | Noticed Jessica
  1999 | D:2      | Reached XP level 4. HP: 30/30 MP: 4/4
  2149 | D:2      | Killed Jessica
  2578 | D:3      | Found a white marble altar of Elyvilon.
  2657 | D:3      | Found a radiant altar of Vehumet.
  2756 | D:3      | Found an ornate altar of the Wu Jian Council.
  2929 | D:4      | Reached XP level 5. HP: 35/35 MP: 5/5
  3252 | D:4      | Reached skill level 7 in Stealth
  3256 | D:4      | Reached XP level 6. HP: 36/41 MP: 6/6
  3434 | D:4      | Noticed Robin
  4221 | D:4      | Killed Robin
  4855 | D:4      | Noticed Natasha
  4861 | D:4      | Killed Natasha
  4917 | D:4      | Noticed Natasha
  4930 | D:4      | Killed Natasha
  5064 | D:4      | Noticed Natasha
  5370 | D:3      | Reached skill level 8 in Stealth
  5471 | D:4      | Found a blossoming altar of Fedhas.
  5480 | D:4      | Reached XP level 7. HP: 46/46 MP: 7/7
  5729 | D:4      | Killed Natasha
  6007 | D:5      | Entered Level 5 of the Dungeon
  6007 | D:5      | Noticed Eustachio
  6018 | D:5      | Killed Eustachio
  6122 | D:5      | Found a burning altar of Makhleb.
  6212 | D:5      | Found a shattered altar of Ashenzari.
  6238 | D:5      | Found a stormy altar of Qazlal.
  6267 | D:5      | Reached skill level 9 in Stealth
  6293 | D:5      | Noticed Sigmund
  6300 | D:5      | Reached XP level 8. HP: 54/54 MP: 8/8
  6478 | D:5      | Killed Sigmund
  6589 | D:5      | Killed from afar by an orc wizard

Vault maps used:
D:1:      dpeg_arrival_leaves_temple_mockup, hangedman_abyss_or_decor_stabs
D:2:      first_bread, hangedman_glass_teeth, minmay_rat_hole,
          uniq_crazy_yiuf_cottage, uniq_jessica
D:3:      vehumet_crystals, lemuel_doored_altar, marbit_many_paths
D:4:      fedhas_bush_and_centaur_altar, uniq_natasha, uniq_robin
D:5:      lightli_temple_of_fire, nicolae_overflow_crystal_walls,
          cheibrodos_ashenzari_chains, uniq_eustachio, uniq_sigmund

Skill      XL: |  1  2  3  4  5  6  7  8 |
---------------+-------------------------+-----
Stealth        | 6 7 8 9 |  9.6
Dodging        | 2 3 |  3.8
Short Blades   | 3 4 |  4.2
Fighting       | 3 4 |  4.1
Throwing       | 3 4 |  4.2

Action                   |  1- 3 |  4- 6 |  7- 9 || total
-------------------------+-------+-------+-------++-------
Melee: Dagger            |    71 |   101 |    35 ||   207
       Constrict         |    11 |    19 |     6 ||    36
       Tentacles         |     8 |     9 |     5 ||    22
 Fire: Blowgun           |     3 |    19 |     6 ||    28
Throw: Stone             |       |    17 |    18 ||    35
       Tomahawk          |       |       |     5 ||     5
  Use: Potion            |     1 |       |       ||     1
       Scroll            |       |     5 |     1 ||     6
 Stab: Sleeping          |    12 |    12 |     6 ||    30
       Confused          |       |     1 |       ||     1
  Eat: Chunk             |    14 |    10 |     4 ||    28
Armor: Skin              |     7 |     8 |     1 ||    16
Dodge: Dodged            |    42 |    83 |    19 ||   144

Table legend:
 A = Spawn XP
 B = Non-spawn XP
 C = Spawn XP percentage of total XP
 D = Spawn monster count
 E = Non-spawn monster count
 F = Spawn count percentage of total count
 G = Total turns spent on level
                    A         B        C        D         E        F      G
               +---------+---------+-------+---------+---------+-------+---------
         Total |       0 |    1567 |   0.0 |       0 |     115 |   0.0 |  6589
               +---------+---------+-------+---------+---------+-------+---------
           D:1 |       0 |      18 |   0.0 |       0 |      12 |   0.0 |   897
           D:2 |       0 |     103 |   0.0 |       0 |      39 |   0.0 |  1386
           D:3 |       0 |     209 |   0.0 |       0 |      32 |   0.0 |  2602
           D:4 |       0 |     483 |   0.0 |       0 |      21 |   0.0 |  1168
           D:5 |       0 |     754 |   0.0 |       0 |      11 |   0.0 |   536
               +---------+---------+-------+---------+---------+-------+---------
